 Dungeon Crawl Stone Soup version 0.31-a0-1589-g8f5e8aebd6 (webtiles) character file.

Game seed: 4956079782426039800

2670 Curundu the Severer (level 9, 0/105 HPs)
             Began as a Minotaur Berserker on Jan 5, 2024.
             Was a High Priest of Trog.
             Succumbed to an orc wizard's poison
             ... on level 6 of the Dungeon.
             The game lasted 00:25:14 (5628 turns).

Curundu the Severer (Minotaur Berserker)            Turns: 5628, Time: 00:25:14

Health: 0/105      AC: 10    Str: 26    XL:     9   Next: 37%
Magic:  8/8        EV:  9    Int:  4    God:    Trog [*****.]
Gold:   255        SH:  0    Dex: 10    Spells: 8/8 levels left

rFire   . . .        i - +3 quarterstaff (chaos)
rCold   . . .        (shield currently unavailable)
rNeg    . . .        b - +0 chain mail
rPois   +            (helmet restricted)
rElec   .            k - +1 cloak
rCorr   .            (no gloves)
SInv    .            (no boots)
Will    .....        (no amulet) Stlth
                     c - ring of poison resistance
HPRegen 0.37/turn    (no ring)
MPRegen 0.11/turn

%: no passive effects
@: berserking (expiring), lethally poisoned (0 -> -2), very quick
A: horns 2, retaliatory headbutt
a: Renounce Religion, Berserk, Trog's Hand, Brothers in Arms


You were on level 6 of the Dungeon.
You worshipped Trog.
Trog was extremely pleased with you.
You visited 2 branches of the dungeon, and saw 8 of its levels.
You also visited: Ossuary.

You collected 307 gold pieces.
You spent 52 gold pieces at shops.

Inventory:

Hand Weapons
 a - a +1 hand axe
 e - a +0 war axe
 i - a +3 quarterstaff of chaos (weapon)
 j - the +5 whip of Gluttony {flame, ^Contam rF+++ rC- Int+5}
   (You found it on level 5 of the Dungeon)

   Int+5:     It affects your intelligence (+5).
   rF+++:     It renders you almost immune to fire.
   rC-:       It makes you vulnerable to cold.
   ^Contam:   It causes magical contamination when unequipped.
Armour
 b - a +0 chain mail (worn)
 k - a +1 cloak (worn)
Jewellery
 c - a ring of poison resistance (left hand)
Wands
 f - a wand of flame (20)
Scrolls
 d - 3 scrolls of teleportation
 g - 2 scrolls of enchant armour
 r - a scroll of poison
Potions
 h - 6 potions of brilliance
 l - 2 potions of resistance
 n - 4 potions of curing
 o - 3 potions of heal wounds
 q - 3 potions of mutation


   Skills:
 - Level 3.6 Fighting
 + Level 15.4 Axes
 - Level 2.4 Armour
 - Level 2.1 Dodging


You had 8 spell levels left.
You didn't know any spells.
Your spell library was empty.

Dungeon Overview and Level Annotations

Branches:
Dungeon (7/15)             Temple (1/1) D:5         Ossuary (visited)

Altars:
Ashenzari
Gozag
Hepliaklqana
Kikubaaqudgha
Nemelex Xobeh
Okawaru
Ru
Sif Muna
Trog
Uskayaw
Vehumet
Wu Jian
Xom
Zin
The Shining One

Shops:
D:1 *=?*(   D:2 ?*


Innate Abilities, Weirdness & Mutations

You have a pair of horns on your head.
You reflexively headbutt those who attack you in melee.


Message History

* * * LOW HITPOINT WARNING * * *
You feel very sick. The centaur barely misses you. You furiously retaliate!
You headbutt the centaur!
You kill the centaur!
Trog accepts your kill.
The black bear bites you but does no damage.
The black bear barely misses you.
The black bear claws you but does no damage.
The orc wizard hits you but does no damage.
You thump the orc wizard!
You feel better.
You kill the orc wizard!
Trog accepts your kill.
Trog appreciates your killing of a magic user.
* * * LOW HITPOINT WARNING * * *
You feel sick.
The black bear bites you but does no damage.
The black bear claws you but does no damage.
The black bear claws you.
* * * LOW HITPOINT WARNING * * *
A red film seems to cover your vision as you go berserk!
You feel yourself moving faster!
You feel mighty!
* * * LOW HITPOINT WARNING * * *
You feel sick. The black bear closely misses you. You furiously retaliate!
You headbutt the black bear!
The black bear claws you but does no damage. x2
You closely miss the black bear.
The black bear is severely wounded.
* * * LOW HITPOINT WARNING * * *
You feel sick.
The black bear goes berserk!
You barely miss the black bear. You headbutt the black bear!
You kill the black bear!
Trog accepts your kill.
Unknown command.
* * * LOW HITPOINT WARNING * * *
You feel sick.
There is an open door here.
You see here an iguana corpse.
You feel a strong urge to attack something.
You die...

.# ####.......#.##..........# .#
#..######.######.######### .#
#..######.######.##......#
########..#......######.##.####.#
..........#.###########.##.####.#
###..#......######...##.....)...#
#..#......######...#####.######
###..#......######.).#####.......
....<...........@†>[.############
###..####.########)†.#####
......# #.########.#######
......###.########.#######
......'..(#####....#######
......#########.#..#######
......# ####.#..####### ......#
####.#..####### ......# #.#..#


There were no monsters in sight!

Vanquished Creatures
  Sigmund (D:5)
  Eustachio (D:4)
  Edmund (D:6)
  A black bear (D:6)
  3 ice beasts
  A sky beast (D:6)
  2 ogres (D:5)
  3 centaurs (D:6)
  2 phantoms
  2 elf zombies (Ossuary)
  A bullfrog (D:6)
  3 scorpions (D:5)
  2 centaur zombies (Ossuary)
  3 human zombies (Ossuary)
  A hound (D:4)
  A bombardier beetle (D:2)
  2 jellies (D:4)
  Crazy Yiuf (D:2)
  3 iguanas
  Jessica (D:2)
  3 orc wizards
  5 hound zombies (Ossuary)
  2 mummies (Ossuary)
  11 gnolls
  4 adders
  2 ufetubi (D:6)
  3 adder zombies (Ossuary)
  2 ribbon worms
  2 dart slugs
  19 orcs
  4 ball pythons
  4 endoplasms
  3 giant cockroaches
  7 goblins
  4 hobgoblins
  9 jackals (D:4)
  3 quokkas
  6 bats
  2 frilled lizards (D:2)
  8 gnoll zombies (Ossuary)
  5 jackal zombies (Ossuary)
  7 kobolds
  5 kobold zombies (Ossuary)
  4 orc zombies (Ossuary)
  9 rats
168 creatures vanquished.

Notes
Turn   | Place    | Note
-------+----------+-------------------------------------------
     0 | D:1      | Curundu the Minotaur Berserker began the quest for the Orb.
     0 | D:1      | Reached XP level 1. HP: 19/19 MP: 0/0
    12 | D:1      | Found Juekkior's Antique Weapon Shoppe.
    29 | D:1      | Reached skill level 4 in Axes
    39 | D:1      | Reached XP level 2. HP: 6/26 MP: 1/1
   168 | D:1      | Found Isaox's Assorted Antiques.
   206 | D:1      | Found Roppuoc's General Store.
   263 | D:1      | Found Detearre's Magic Scroll Shop.
   314 | D:1      | Found Epoext's Jewellery Boutique.
   565 | D:1      | Reached ** piety under Trog
   877 | D:2      | Found Cuont's General Store.
   883 | D:2      | Reached skill level 5 in Axes
   904 | D:2      | Reached XP level 3. HP: 23/31 MP: 2/2
  1019 | D:2      | Found a sparkling altar of Nemelex Xobeh.
  1244 | D:2      | Noticed Jessica
  1260 | D:2      | Reached skill level 6 in Axes
  1260 | D:2      | Reached XP level 4. HP: 36/39 MP: 3/3
  1279 | D:2      | Killed Jessica
  1503 | D:2      | Found Neohaclirr's Magic Scroll Boutique.
  1506 | D:2      | Bought a scroll of identify for 26 gold pieces
  1506 | D:2      | Bought a scroll of identify for 26 gold pieces
  1712 | D:2      | Found a runed translucent door.
  1713 | D:2      | Noticed Crazy Yiuf
  1721 | D:2      | Killed Crazy Yiuf
  1722 | D:2      | Reached skill level 7 in Axes
  1722 | D:2      | Reached XP level 5. HP: 31/45 MP: 4/4
  2169 | D:3      | Found an opulent altar of Gozag.
  2315 | D:3      | Noticed a phantom
  2323 | D:3      | Killed a phantom
  2324 | D:3      | Reached skill level 8 in Axes
  2324 | D:3      | Reached XP level 6. HP: 51/51 MP: 5/5
  2540 | D:4      | Reached *** piety under Trog
  2694 | D:4      | Noticed Eustachio
  2709 | D:4      | Killed Eustachio
  2710 | D:4      | Reached skill level 9 in Axes
  2793 | D:4      | Identified the +0 ring mail "Ovor" {rCorr}
  2852 | D:4      | Reached XP level 7. HP: 56/57 MP: 6/6
  3267 | D:5      | Entered Level 5 of the Dungeon
  3280 | D:5      | Reached skill level 10 in Axes
  3305 | D:5      | Noticed Sigmund
  3318 | D:5      | Killed Sigmund
  3342 | D:5      | Reached skill level 11 in Axes
  3370 | D:5      | Found a sand-covered staircase.
  3383 | Ossuary  | Entered an ossuary
  3446 | Ossuary  | Reached **** piety under Trog
  3540 | Ossuary  | Reached XP level 8. HP: 64/64 MP: 7/7
  3585 | Ossuary  | Reached skill level 12 in Axes
  3782 | D:5      | HP: 3/64 [gnoll/+0 whip of freezing (2)]
  4090 | D:5      | Reached skill level 13 in Axes
  4250 | D:5      | Identified the +5 whip of Gluttony {flame, ^Contam rF+++
                  | rC- Int+5}
  4369 | D:5      | Found a broken altar of Ashenzari.
  4549 | D:5      | Found a staircase to the Ecumenical Temple.
  4558 | Temple   | Entered the Ecumenical Temple
  4694 | D:6      | Reached skill level 14 in Axes
  4809 | D:6      | Reached XP level 9. HP: 70/70 MP: 8/8
  5146 | D:6      | Noticed Edmund
  5155 | D:6      | Killed Edmund
  5210 | D:6      | Reached skill level 15 in Axes
  5555 | D:7      | Reached ***** piety under Trog
  5623 | D:6      | HP: 2/70 [black bear (4)]
  5628 | D:6      | Succumbed to an orc wizard's poison

Illustrated notes

Levels and vault maps discovered:
D:1:      noname_arrival_rooms_in_the_neighbourhood, layout_basic, serial_shops,
          shop_fountains, nicolae_shop_dealshenge, shop, shop,
          nicolae_shop_statue_plus, amcnicky_mini_rare_corridor_liquid,
          hangedman_decor_points, kennysheep_crisscross, hex_tiny
D:2:      layout_basic, serial_shops, nicolae_shop_window_shopping,
          nicolae_shop_tiny_waterfront, basic_altar, uniq_crazy_yiuf_cottage,
          uniq_jessica
D:3:      layout_loops_cross, nicolae_overflow_hidden_temple
D:4:      layout_rooms, uniq_eustachio
D:5:      layout_rooms, cheibrodos_ashenzari_chains,
          minmay_temple_entry_poolview, chequers_ossuary_entry_cave,
          nicolae_letterblocks [nicolae_letter_subblock,
          nicolae_letter_subblock, nicolae_letter_subblock,
          nicolae_letter_subblock, nicolae_letter_subblock,
          nicolae_letter_subblock, nicolae_letter_subblock,
          nicolae_letter_subblock, nicolae_letter_subblock,
          nicolae_letter_subblock, nicolae_letter_subblock,
          nicolae_letter_subblock, nicolae_letter_subblock,
          nicolae_letter_subblock, nicolae_letter_subblock,
          nicolae_letter_subblock, nicolae_letter_subblock,
          nicolae_letter_subblock, nicolae_letter_subblock,
          nicolae_letter_subblock, nicolae_letter_subblock,
          nicolae_letter_subblock, nicolae_letter_subblock,
          nicolae_letter_subblock, nicolae_letter_subblock], uniq_sigmund
D:6:      layout_basic, reono_crystal_passage, uniq_edmund
D:7:      regret_index_malice_mire, layout_basic, uniq_menkaure, uniq_maurice
Temple:   compressed_dpeg_triangle_lava_temple

Skill      XL: |  1  2  3  4  5  6  7  8  9 |
---------------+----------------------------+-----
Axes           | 4 5 6 7 8 9 11 14 15 | 15.4
Fighting       | |  3.6
Armour         | |  2.4
Dodging        | |  2.1

Action                     |  1- 3 |  4- 6 |  7- 9 || total
---------------------------+-------+-------+-------++-------
  Melee: Hand axe          |    82 |    30 |       ||   112
         Headbutt          |    14 |    19 |    48 ||    81
         Punch             |     1 |     1 |       ||     2
         Quarterstaff      |       |    69 |   257 ||   326
 Invoke: Berserk           |       |     3 |     2 ||     5
    Use: Scroll            |       |     6 |    10 ||    16
   Stab: Held in net/web   |       |       |     1 ||     1
         Confused          |       |       |     1 ||     1
 Armour: Animal skin       |    26 |       |       ||    26
         Ring mail         |     4 |       |       ||     4
         Scale mail        |    11 |    15 |       ||    26
         Chain mail        |       |    68 |   304 ||   372
  Dodge: Dodged            |    55 |    65 |   161 ||   281

Table legend: (Time is in decaauts)
 A = Elapsed time spent in this place.
 B = Non-inter-level travel time spent in this place.
 C = Inter-level travel time spent in this place.
 D = Time resting spent in this place.
 E = Time spent auto-exploring this place.
 F = Levels seen in this place.
 G = Mean time per level.
                   A        B        C        D        E       F      G
               +--------+--------+--------+--------+--------+-----+--------+
         Total |   5772 |   5772 |      0 |    836 |   3230 |   9 |  641.3 |
       Dungeon |   5371 |   5371 |      0 |    836 |   3137 |   7 |  767.3 |
        Temple |     21 |     21 |      0 |      0 |      0 |   1 |   21.0 |
       Ossuary |    379 |    379 |      0 |      0 |     93 |   1 |  379.0 |
               +--------+--------+--------+--------+--------+-----+--------+

Top non-repeatable levels by time:
     D:6: 1045 daAuts
     D:5: 992 daAuts
     D:2: 970 daAuts
     D:1: 877 daAuts
     D:4: 757 daAuts
     D:3: 718 daAuts
 Ossuary: 379 daAuts
  Temple: 21 daAuts
     D:7: 9 daAuts
